 Dungeon Crawl Stone Soup version 0.30-a0-393-g54b8e3be05 (webtiles) character file.

Game seed: 294352039266092875

30 Ninjinzu the Trooper (level 3, 0/29 HPs)
             Began as a Demonspawn Berserker on Dec 6, 2022.
             Was a Follower of Trog.
             Constricted to death by a ball python (1 damage)
             ... on level 2 of the Dungeon.
             The game lasted 00:02:43 (1209 turns).

Ninjinzu the Trooper (Demonspawn Berserker)         Turns: 1209, Time: 00:02:44

Health: 0/29       AC:  2    Str: 19    XL:     3   Next: 3%
Magic:  3/3        EV:  9    Int:  8    God:    Trog [*.....]
Gold:   89         SH:  0    Dex: 12    Spells: 2/2 levels left

rFire   . . .      SeeInvis .    a - +0 falchion
rCold   . . .      Faith    .    (no shield)
rNeg    . . .      Spirit   .    b - +0 animal skin
rPois   .          Reflect  .    (helmet restricted)
rElec   .          Harm     .    (no cloak)
rCorr   .          Rampage  .    (no gloves)
Will    .....                    (no boots)
Stlth   +.........               (no amulet)
HPRegen 0.24/turn                (no ring)
MPRegen 0.08/turn                (no ring)

@: constricted
A: antennae 1, powered by pain 1
a: Renounce Religion, Berserk


You were on level 2 of the Dungeon.
You worshipped Trog.
Trog was aware of your devotion.
You visited 1 branch of the dungeon, and saw 2 of its levels.

You collected 89 gold pieces.

Inventory:

Hand Weapons
 a - a +0 falchion (weapon)
 h - a +3 dagger
Armour
 b - a +0 animal skin (worn)
Jewellery
 i - a ring of positive energy
Scrolls
 c - a scroll of teleportation {unknown}
 e - a scroll of butterflies {unknown}
Potions
 d - a potion of brilliance {unknown}
 f - a potion of haste {unknown}
 g - a potion of mutation {unknown}
 j - a potion of berserk rage {unknown}


   Skills:
 + Level 3.2 Fighting
 + Level 3.1 Long Blades
 + Level 2.0 Armour
 + Level 2.1 Dodging
 + Level 0.3 Stealth


You had 2 spell levels left.
You didn't know any spells.
Your spell library was empty.

Dungeon Overview and Level Annotations

Branches:
Dungeon (2/15)

Altars:


Innate Abilities, Weirdness & Mutations

You have a pair of small antennae on your head.
You sometimes gain a little power by taking damage.


Message History

Trog accepts your kill. The kobold misses you. The rat barely misses you.
The ball python bites you but does no damage.
The ball python grabs you. The ball python constricts you.
The kobold hits you but does no damage. The rat bites you but does no damage.
You have reached level 3!
Your experience leads to an increase in your attributes!
Increase (S)trength, (I)ntelligence, or (D)exterity?
You feel stronger. x2; Your demonic ancestry asserts itself...
You feel energised by your suffering.
You hit the rat but do no damage.
The rat is heavily wounded.
The ball python bites you. The ball python constricts you.
* * * LOW HITPOINT WARNING * * *
The kobold hits you with a +0 club.
* * * LOW HITPOINT WARNING * * *
The rat bites you but does no damage.
You closely miss the kobold. The ball python bites you.
* * * LOW HITPOINT WARNING * * *
The ball python constricts you.
* * * LOW HITPOINT WARNING * * *
The ball python bites you.
* * * LOW HITPOINT WARNING * * *
The ball python constricts you.
* * * LOW HITPOINT WARNING * * *
The kobold hits you but does no damage. The rat closely misses you.
You hit the kobold.
You kill the kobold!
Trog accepts your kill.
The ball python bites you but does no damage.
The ball python constricts you.
The rat twitches its whiskers.
The rat barely misses you.
You slash the rat!
You kill the rat!
Trog accepts your kill. The ball python bites you.
* * * LOW HITPOINT WARNING * * *
The ball python constricts you.
You die...

........>....#
##...........#
..<..........######
#####........##...#
#........##...# ####
#........##...# !....
#.##.######...# ..... #
#.##.# #..?# ...... .#
#.##.# #.@.##......
.##+#.##.######S.)........
..........................
........#................
........#............"...
.........................
.......(.........#....#.#
####.............#....# .
#.............#....#....##


You could see a ball python.

Vanquished Creatures
  2 endoplasms (D:1)
  5 giant cockroaches (D:1)
  2 goblins
  2 hobgoblins (D:1)
  5 ball pythons
  3 bats
  2 frilled lizards (D:1)
  3 kobolds
  3 rats
27 creatures vanquished.

Notes
Turn   | Place    | Note
-------+----------+-------------------------------------------
     0 | D:1      | Ninjinzu the Demonspawn Berserker began the quest for the
                  | Orb.
     0 | D:1      | Reached XP level 1. HP: 18/18 MP: 1/1
   246 | D:1      | Discovered your monstrous ancestry.
   246 | D:1      | Gained mutation: You have a pair of small antennae on your
                  | head. [demonic ancestry]
   246 | D:1      | Reached XP level 2. HP: 24/24 MP: 2/2
   788 | D:1      | Found a faded altar of an unknown god.
  1206 | D:2      | Gained mutation: You sometimes gain a little power by
                  | taking damage. [demonic ancestry]
  1206 | D:2      | Reached XP level 3. HP: 10/29 MP: 3/3
  1209 | D:2      | HP: 1/29 [ball python (3)]
  1209 | D:2      | Constricted to death by a ball python

Illustrated notes

Levels and vault maps discovered:
D:1:      co_arrival_square_in_a_square_in_a_square, layout_loops_ring,
          shapermc_ecumenical_altar_mp_vishouse, minmay_worlds_worst_comb
D:2:      layout_basic, serial_curves, eino_curves_02, eino_curves_02

Skill      XL: |  1  2 |
---------------+-------+-----
Armour         | 2 |  2.0
Long Blades    | 3 |  3.1
Dodging        | 2 |  2.1
Fighting       | |  3.2
Stealth        | |  0.3

Action                   || total
-------------------------++-------
Melee: Falchion          ||   105
       Punch             ||     1
 Stab: Sleeping          ||     1
Armor: Animal skin       ||    41
Dodge: Dodged            ||   105

Table legend: (Time is in decaauts)
 A = Elapsed time spent in this place.
 B = Non-inter-level travel time spent in this place.
 C = Inter-level travel time spent in this place.
 D = Time resting spent in this place.
 E = Time spent auto-exploring this place.
 F = Levels seen in this place.
 G = Mean time per level.
                   A        B        C        D        E       F      G
               +--------+--------+--------+--------+--------+-----+--------+
         Total |   1224 |   1164 |     60 |      0 |    923 |   2 |  612.0 |
       Dungeon |   1224 |   1164 |     60 |      0 |    923 |   2 |  612.0 |
               +--------+--------+--------+--------+--------+-----+--------+

Top non-repeatable levels by time:
     D:1: 982 daAuts
     D:2: 242 daAuts
